 Dungeon Crawl Stone Soup version 0.23.1-37-gaa34b87 (webtiles) character file.

Game seed: 11310429444214691520

98 Borgoz the Sneak (level 4, -1/35 HPs)
             Began as a Ghoul Enchanter on Mar 21, 2019.
             Killed from afar by Natasha (6 damage)
             ... with a magic dart
             ... on level 2 of the Dungeon.
             The game lasted 00:02:56 (1932 turns).

Borgoz the Sneak (Ghoul Enchanter)                  Turns: 1932, Time: 00:02:57

Health: -1/35      AC:  3    Str:  9 (11) XL:     4   Next: 71%
Magic:  6/6        EV: 12    Int: 10      God:
Gold:   47         SH:  0    Dex:  9 (10) Spells: 6/7 levels left

rFire    . . .     SeeInvis .   a - +1 dagger
rCold    + . .     Gourm    .   (no shield)
rNeg     + + +     Faith    .   b - +0 robe
rPois    ∞         Spirit   .   (no helmet)
rElec    .         Reflect  .   (no cloak)
rCorr    .         Harm     .   c - +0 pair of gloves
MR       .....                  (no boots)
Stlth    ++........             (no amulet)
HPRegen  0.00/turn              (no ring)
MPRegen  0.10/turn              (no ring)

@: rotting, slowed, very slow
A: rotting body, claws 1, carnivore, cold resistance 1, negative energy
resistance 3, inhibited regeneration, torment resistance, unbreathing
a: no special abilities


You were on level 2 of the Dungeon.
You were not hungry.

You visited 1 branch of the dungeon, and saw 2 of its levels.

You collected 47 gold pieces.

Inventory:

Hand Weapons
 a - a +1 dagger (weapon)
Missiles
 r - 4 tomahawks (quivered)
Armour
 b - a +0 robe (worn)
 c - a +0 pair of gloves (worn)
Jewellery
 l - an uncursed ring of fire
Comestibles
 d - 4 rations
 f - a chunk of flesh


   Skills:
 + Level 1.1 Fighting
 * Level 1.7 Short Blades
 * Level 1.3 Armour
 * Level 2.5 Dodging
 + Level 3.7 Stealth
 + Level 2.0 Spellcasting
 + Level 2.6 Hexes


You had 6 spell levels left.
You knew the following spells:

 Your Spells              Type           Power        Failure   Level  Hunger
a - Corona                Hex            #......      11%         1    ##.....

Your spell library contained the following spells:

 Spells                   Type           Power        Failure   Level  Hunger
 Ensorcelled Hibernation  Hex/Ice        #.....       26%         2    ###....
 Confuse                  Hex            #.......     30%         3    ####...
 Tukima's Dance           Hex            #.......     30%         3    ####...
 Dazzling Spray           Conj/Hex       #.....       47%         3    ####...


Dungeon Overview and Level Annotations

Branches:
Dungeon (2/15)

Altars:

Annotations:
D:2 Natasha


Innate Abilities, Weirdness & Mutations

Your body is rotting away.
You thrive on raw meat.
You are immune to poison.
You have sharp fingernails.
You are carnivorous and can eat meat at any time.
Your flesh is cold resistant. (rC+)
You are immune to negative energy. (rN+++)
You do not regenerate when monsters are visible.
You are immune to unholy pain and torment.
You can survive without breathing.


Message History

You hit Natasha.
Natasha is lightly wounded.
Natasha casts a spell at you.
You feel as though you will be slow longer.
You hit Natasha.
Natasha is moderately wounded.
Natasha stares at you and mumbles some strange words.
The magic dart hits you. Natasha claws you!
* * * LOW HITPOINT WARNING * * *
You are too injured to fight recklessly!
You are too injured to fight recklessly!
You are too injured to fight recklessly!
Eat one of 2 chunks of flesh? (ye/n/q)
You eat one of the 2 chunks of flesh.
This raw flesh tastes great!
Natasha barely misses you.
You hit Natasha.
Natasha is heavily wounded.
Natasha casts a spell at you. The magic dart hits you.
You die...

# #..........)) # #.###....#### #
#.# #.##.# # #.# #.##.#### # #.#
#.##..... * ************ #.#
#.##.#### * *,,,,,,,,,,*
#.###.##.# *
*,****####.#######..##.##.#### *
*,* *.....5h@......##........
****,****.###.########.##.##...##
,,,,,,,,*,* *,* #....####.#
***,,**,*,* *,* ######..#.# #.#
*,,,,,,,* *,* #.......#.# #.##
*,,,,*,,* *,* #.###...#.####.#.
*,,,***,* *,* #.# #..........#.
***,,,,*,,* *,* #.###...#.###....
,,,,,*,,,,* *,* #.............##.


You could see Natasha and a shadow imp.

Vanquished Creatures
  Natasha (D:2)
  3 adders (D:2)
  A worm (D:2)
  2 dart slugs (D:1)
  A leopard gecko (D:2)
  6 bats
  3 giant cockroaches
  2 goblins (D:1)
  5 hobgoblins
  7 kobolds
  2 quokkas (D:2)
  2 frilled lizards
  4 rats
39 creatures vanquished.

Notes
Turn   | Place    | Note
-------+----------+-------------------------------------------
     0 | D:1      | Borgoz the Ghoul Enchanter began the quest for the Orb.
     0 | D:1      | Reached XP level 1. HP: 14/14 MP: 2/2
    31 | D:1      | Reached skill level 1 in Short Blades
   359 | D:1      | Reached XP level 2. HP: 18/20 MP: 3/3
   909 | D:1      | Reached XP level 3. HP: 25/27 MP: 4/4
  1198 | D:2      | Reached skill level 1 in Armour
  1280 | D:2      | Noticed Natasha
  1295 | D:2      | HP: 1/27 [Natasha (9)]
  1296 | D:2      | Killed Natasha
  1296 | D:2      | Reached skill level 1 in Fighting
  1296 | D:2      | Reached XP level 4. HP: 1/35 MP: 4/6
  1922 | D:2      | Noticed Natasha
  1932 | D:2      | Killed from afar by Natasha

Skill      XL: |  1  2  3 |
---------------+----------+-----
Short Blades   | 1 |  1.7
Dodging        | 2 |  2.5
Armour         | 1 |  1.3
Fighting       | 1 |  1.1
Spellcasting   | 2 |  2.0
Stealth        | |  3.7
Hexes          | |  2.6

Action                   |  1- 3 |  4- 6 || total
-------------------------+-------+-------++-------
Melee: Dagger            |   138 |    66 ||   204
  Use: Potion            |     2 |     5 ||     7
       Scroll            |       |     5 ||     5
 Stab: Sleeping          |     3 |     1 ||     4
  Eat: Chunk             |    13 |     6 ||    19
Armor: Robe              |    27 |    20 ||    47
Dodge: Dodged            |    98 |    49 ||   147
